 Dungeon Crawl Stone Soup version 0.29.0-7-g18a832c13a (webtiles) character file.

Game seed: 14288319162344480915

524 Goodini51 the Ruffian (level 7, -12/67 HPs)
             Began as a Troll Monk on Sept 1, 2022.
             Mangled by Pikel
             ... wielding a +0 whip of electrocution
              (19 damage)
             ... on level 3 of the Dungeon.
             The game lasted 00:08:10 (2262 turns).

Goodini51 the Ruffian (Troll Monk)                  Turns: 2262, Time: 00:08:11

Health: -12/67     AC:  4    Str: 22    XL:     7   Next: 2%
Magic:  6/6        EV: 10    Int:  6    God:
Gold:   173        SH:  0    Dex: 12    Spells: 6/6 levels left

rFire   . . .      SeeInvis .     - Unarmed
rCold   . . .      Faith    .   (no shield)
rNeg    + . .      Spirit   .   a - +0 robe
rPois   .          Reflect  .   (helmet restricted)
rElec   .          Harm     .   (no cloak)
rCorr   .          Rampage  .   (gloves unavailable)
Will    .....                   (boots unavailable)
Stlth   ++........              (no amulet)
HPRegen 1.01/turn               r - ring of positive energy
MPRegen 0.10/turn               t - ring of flight

@: flying
A: large, unfitting armour, claws 3, regeneration 1, shaggy fur 1, tough skin 1
a: no special abilities


You were on level 3 of the Dungeon.
You visited 1 branch of the dungeon, and saw 4 of its levels.
You also visited: Sewer.

You collected 173 gold pieces.

Inventory:

Armour
 a - a +0 robe (worn)
Magical Staves
 i - a staff of cold
Jewellery
 m - a ring of fire
 r - a ring of positive energy (left claw)
 t - a ring of flight (right claw)
Wands
 k - a wand of charming (4)
 y - a wand of quicksilver (13)
Scrolls
 d - 4 scrolls of amnesia {unknown}
 e - 4 scrolls of identify {unknown}
 f - 5 scrolls of fear {unknown}
 q - a scroll of silence {unknown}
 v - 2 scrolls of immolation {unknown}
 x - a scroll of magic mapping {unknown}
Potions
 b - a potion of ambrosia
 c - 2 potions of might {unknown}
 g - a potion of degeneration {unknown}
 h - 2 potions of flight {unknown}
 j - a potion of lignification {unknown}
 l - a potion of mutation {unknown}
 n - a potion of heal wounds {unknown}
 o - a potion of resistance {unknown}
 p - a potion of haste {unknown}
 s - a potion of invisibility {unknown}
 u - a potion of curing {unknown}
 w - a potion of magic {unknown}


   Skills:
 + Level 3.3 Fighting
 + Level 3.7 Dodging
 + Level 2.1 Stealth
 + Level 5.8 Unarmed Combat


You had 6 spell levels left.
You didn't know any spells.
Your spell library contained the following spells:

 Spells                   Type           Power      Damage    Failure   Level
 Beastly Appendage        Tmut           0%         N/A       45%         1
 Sublimation of Blood     Necr           0%         N/A       58%         2
 Wereblood                Tmut           0%         N/A       58%         2
 Ignite Poison            Fire/Tmut/Pois 0%         N/A       83%         3
 Mephitic Cloud           Conj/Pois/Air  0%         N/A       83%         3
 Spider Form              Tmut/Pois      0%         N/A       83%         3
 Petrify                  Tmut/Erth      0%         N/A       99%         4
 Freezing Cloud           Conj/Ice/Air   0%         6-21      100%        5
 Irradiate                Conj/Tmut      0%         3d11      100%        5


Dungeon Overview and Level Annotations

Branches:
Dungeon (4/15)              Sewer (visited)
 Temple: D:4-7

Altars:
Ashenzari

Annotations:
D:3 Pikel


Innate Abilities, Weirdness & Mutations

You are too large for most types of armour.
You have claws for hands.
Your natural rate of healing is unusually fast.
You are covered in fur. (AC +1)
You have tough skin. (AC +1)


Message History

Pikel is heavily wounded.
Pikel hits you with a +0 whip of electrocution!
You are too injured to fight recklessly!
You are too injured to fight recklessly!
You are too injured to fight recklessly!
You scratch Pikel.
Pikel is heavily wounded.
Pikel hits you with a +0 whip of electrocution.
You are electrocuted!
* * * LOW HITPOINT WARNING * * *
Pikel barely misses you.
You fly upwards.
There is a stone staircase leading down here.
Pikel says, "Hell isn't that bad."
Pikel attacks as you move away! Pikel hits you but does no damage.
Pikel attacks as you move away!
Pikel hits you with a +0 whip of electrocution.
* * * LOW HITPOINT WARNING * * *
You are electrocuted!
* * * LOW HITPOINT WARNING * * *
Pikel attacks as you move away! Pikel hits you but does no damage.
Pikel attacks as you move away! Pikel barely misses you.
Pikel waves his whip at you. Pikel attacks as you move away!
Pikel barely misses you.
There is a stone staircase leading up here.
You scratch Pikel but do no damage.
Pikel is heavily wounded.
Pikel barely misses you.
You scratch Pikel.
Pikel is heavily wounded.
Pikel hits you with a +0 whip of electrocution.
* * * LOW HITPOINT WARNING * * *
You closely miss Pikel.
Pikel is heavily wounded.
You closely miss Pikel. Your claw misses Pikel.
Pikel is heavily wounded.
Pikel hits you with a +0 whip of electrocution!
* * * LOW HITPOINT WARNING * * *
You are electrocuted!!
You die...

#....####.# ##...## #.....
....## #.# #..#.# ####.....
....# #.# ##....# ##.....###
....#####.######.....#
#.....>#
..................##.#
#....###
#......#.#######.###.#
#...## #..........# #.#
#.###...# #....#..##.#
#.###......## )....#..##.##
#@##...##..#
.#......##..####K.........#
##.#....###..##..#........##
#.#.....###...............#
#..#..........#...........#
###........................#
..........................(#
...........................#
####
....<............)........##
#...


You could see Pikel.

Vanquished Creatures
  Sigmund (D:3)
  A water moccasin (Sewer)
  3 lemures
  A hound (D:4)
  2 iguanas (D:4)
  Natasha (thrice) (D:2)
  6 adders
  2 worms
  2 dart slugs
  6 bats
  4 endoplasms
  2 giant cockroaches (D:3)
  2 goblins
  5 hobgoblins
  A jackal (Sewer)
  A quokka (D:3)
  3 ball pythons
  A frilled lizard (D:2)
  4 kobolds
  5 rats
55 creatures vanquished.

Notes
Turn   | Place    | Note
-------+----------+-------------------------------------------
     0 | D:1      | Goodini51 the Troll Monk began the quest for the Orb.
     0 | D:1      | Reached XP level 1. HP: 22/22 MP: 0/0
   468 | D:1      | Reached XP level 2. HP: 29/29 MP: 1/1
   714 | D:2      | Noticed Natasha
   723 | D:2      | Killed Natasha
   724 | D:2      | Reached XP level 3. HP: 22/36 MP: 2/2
   907 | D:2      | Noticed Natasha
   915 | D:2      | Killed Natasha
   916 | D:2      | Reached XP level 4. HP: 35/44 MP: 3/3
  1148 | D:2      | Noticed Natasha
  1157 | D:2      | Killed Natasha
  1158 | D:2      | Reached skill level 4 in Unarmed Combat
  1386 | D:3      | Reached XP level 5. HP: 53/53 MP: 4/4
  1396 | D:3      | Noticed Sigmund
  1433 | D:3      | Killed Sigmund
  1434 | D:3      | Reached XP level 6. HP: 17/61 MP: 5/5
  1570 | D:3      | Reached skill level 5 in Unarmed Combat
  1591 | D:3      | Found a broken altar of Ashenzari.
  1595 | D:3      | Saw a vision of the Shoals and the Spider Nest.
  1595 | D:3      | Noticed a radroach
  1595 | D:3      | Noticed a boulder beetle
  1595 | D:3      | Noticed a tarantella
  1595 | D:3      | Noticed a tarantella
  1595 | D:3      | Noticed a culicivora
  1595 | D:3      | Noticed a wolf spider
  1595 | D:3      | Noticed a tarantella
  1595 | D:3      | Noticed a redback
  1595 | D:3      | Noticed a wolf spider
  1595 | D:3      | Noticed a culicivora
  1595 | D:3      | Noticed a wind drake
  1595 | D:3      | Noticed a manticore
  1595 | D:3      | Noticed a merfolk
  1595 | D:3      | Noticed a merfolk
  1595 | D:3      | Noticed a merfolk siren
  1595 | D:3      | Noticed a snapping turtle
  1595 | D:3      | Noticed a wind drake
  1595 | D:3      | Noticed a sea snake
  1595 | D:3      | Noticed a sea snake
  1595 | D:3      | Noticed a water elemental
  1595 | D:3      | Noticed a merfolk
  1598 | D:3      | Noticed an entropy weaver
  1796 | D:3      | Found a glowing drain.
  1800 | Sewer    | Entered a sewer
  1847 | Sewer    | Noticed a water moccasin
  1857 | Sewer    | Killed a water moccasin
  2086 | D:4      | Reached XP level 7. HP: 56/67 MP: 6/6
  2161 | D:4      | Noticed Pikel
  2250 | D:3      | HP: 3/67 [Pikel/+0 whip of electrocution (16)]
  2262 | D:3      | Mangled by Pikel

Illustrated notes

Levels and vault maps discovered:
D:1:      scummos_arrival_forest, layout_loops_ring, roderic_roman_lattice
D:2:      layout_basic, grunt_ministairs_2, uniq_natasha
D:3:      layout_rooms, grunt_ashenzari_visionary
          [grunt_ashenzari_visionary_shoals, grunt_ashenzari_visionary_spider],
          gup_sewer_entry_bowl, uniq_sigmund
D:4:      layout_cave_pools, minmay_temple_entry_slanted,
          biasface_ghost_orc_armoury, grunt_tough_drop, uniq_pikel

Skill      XL: |  1  2  3  4  5  6 |
---------------+-------------------+-----
Dodging        | 3 |  3.7
Fighting       | 3 |  3.3
Unarmed Combat | 4 5 |  5.8
Stealth        | 2 |  2.1

Action                   |  1- 3 |  4- 6 |  7- 9 || total
-------------------------+-------+-------+-------++-------
Melee: Unarmed           |    43 |    97 |    43 ||   183
       Punch             |       |     2 |     1 ||     3
 Stab: Sleeping          |     3 |     1 |       ||     4
Armor: Robe              |    11 |    17 |    10 ||    38
Dodge: Dodged            |    18 |    35 |    12 ||    65
